Map: Tourmaline LE

Players

SCIInewby

  • Race: Protoss Protoss
  • League: Master
  • Spawn Location: 1:00

Physicist - Winner!

  • Race: Protoss Protoss
  • League: Silver
  • Spawn Location: 7:00

VOD

Have the link to the VOD?

Description

Time

  • Played on: Feb. 7, 2026, 1:59 p.m.
  • Length: 6:44
Show
View Real Time Build Order
Export as new Build Order

SCIInewby Protoss 

Build Orders:  

Get SALT Encoding   

  12  0:00  Probe  
  13  0:12  Probe  
  14  0:18  Pylon  
  14  0:30  Probe  
  15  0:37  Gateway  
  15  0:43  Probe  
  16  0:56  Forge  
  17  1:04  Probe  
  17  1:08  Assimilator  
  16  1:12  Probe  
  17  1:20  Probe  
  18  1:31  Cybernetics Core, Pylon  
  18  1:32  Probe  
  19  1:41  Zealot  
  21  1:50  Warp Gate  
  21  1:51  Gateway  
  21  2:00  Pylon, Probe  
  22  2:08  Probe  
  22  2:14  Zealot  
  25  2:18  Probe  
  26  2:31  Gateway  
  26  2:35  Pylon  
  26  2:43  Probe  
  27  2:59  Assimilator  
  27  3:01  Zealot x2  
  31  3:17  Gateway  
  29  3:28  Zealot  
  29  3:31  Pylon  
  31  3:34  Pylon  
  31  3:41  Stalker  
  31  3:42  Stalker  
  29  4:05  Zealot x2  
  29  4:06  Zealot  
  35  4:16  Zealot  
  27  4:38  Twilight Council, Zealot x2  
  25  4:45  Pylon  
  27  4:50  Photon Cannon  
  27  4:58  Photon Cannon  
  27  5:04  Zealot  
  29  5:08  Zealot  
  30  5:15  Zealot  
  32  5:30  Dark Shrine  
  32  5:32  Zealot  
  34  5:47  Zealot  
  16  6:40  Pylon  
Show
View Real Time Build Order
Export as new Build Order

Physicist Protoss - Winner!

Build Orders: 1 Gate Expand 

Get SALT Encoding   

  1  0:00  Probe  
  12  0:05  Probe  
  14  0:17  Pylon  
  14  0:21  Probe  
  15  0:35  Gateway  
  15  0:39  Probe  
  16  0:55  Assimilator  
  16  1:00  Assimilator  
  16  1:03  Probe  
  16  1:11  Probe  
  18  1:25  Nexus  
  18  1:34  Cybernetics Core  
  18  1:43  Probe  
  19  1:47  Warp Gate  
  19  1:55  Probe  
  20  2:03  Pylon  
  20  2:12  Robotics Facility  
  20  2:19  Adept  
  22  2:27  Probe  
  23  2:35  Shield Battery  
  23  2:37  Probe  
  23  2:39  Probe  
  29  3:12  Immortal  
  29  3:17  Gateway  
  29  3:20  Gateway  
  29  3:21  Stalker  
  31  3:31  Probe  
  32  3:43  Probe  
  33  3:49  Twilight Council  
  33  4:01  Pylon  
  33  4:22  Stalker x3  
  39  4:30  Immortal  
  43  4:46  Stalker x3  
  43  4:49  Probe  
  49  4:57  Probe  
  51  5:07  Probe  
  52  5:19  Stalker  
  54  5:24  Pylon  
  54  5:26  Pylon  
  54  5:28  Assimilator  
  54  5:30  Assimilator  
  54  5:38  Probe  
  55  5:50  Probe  
  56  6:02  Probe  
  56  6:04  Stalker x3  
Tags
 
Matchup
PvP
Replay Pack
Multiplayer
Spawn Locations
Cross Positions
Add a new tag
Caveats
  • Supply blocks, unpowered buildings, or Contaminate may cause inaccurate times.
  • Supply counts are checked every 10 seconds.